 Dungeon Crawl Stone Soup version 0.24-a0-486-ged8816983f (webtiles) character file.

Game seed: 5994027327688868600

540695 Mgcat the Eclecticist (level 24, -2/187 HPs)
             Began as a Vampire Earth Elementalist on June 24, 2019.
             Was the Champion of Vehumet.
             Slain by a storm dragon (12 damage)
             ... on level 5 of the Realm of Zot on July 9, 2019.
             The game lasted 06:16:28 (109035 turns).

Mgcat the Eclecticist (VpEE)                      Turns: 109035, Time: 06:16:28

Health: -2/187     AC: 18    Str: 10 (11) XL:     24   Next: 73%
Magic:  8/42       EV: 14    Int: 39      God:    Vehumet [******]
Gold:   2817       SH:  0    Dex: 15      Spells: 14/54 levels left

rFire    + + +     SeeInvis +   x - +6 hand axe of Bankruptcy {vamp, Fragile rF++ Int+9}
rCold    + + .     Gourm    .   g - +4 shield of the End {rElec rN+ Int+2}
rNeg     + + .     Faith    .   F - +2 robe {MR+}
rPois    +         Spirit   .   t - +2 helmet "Latauf" {rF+}
rElec    +         Reflect  +   e - +2 cloak {MR+}
rCorr    .         Harm     .   G - +2 pair of gloves {archery}
MR       ++++.     Rnd*Tele +   T - +2 pair of boots {Stlth+}
Stlth    ++........             S - brooch of Shielding {Reflect SH+8}
HPRegen  0.61/turn              l - ring "Roshril" {rC+ EV+3}
MPRegen  0.28/turn              h - ring "Ostrid" {rElec rPois rF+ rN+ Str+4}

@: confused, about to teleport, held, regenerating quickly
A: no food, fangs 3, hooves 1, see invisible, cold resistance 1, teleportitis 1,
unbreathing, MP-powered wands
}: 3/15 runes: decaying, silver, gossamer
a: Exsanguinate, Renounce Religion


You were on level 5 of the Realm of Zot.
You worshipped Vehumet.
Vehumet was exalted by your worship.
You were alive.

You visited 10 branches of the dungeon, and saw 50 of its levels.
You visited the Abyss 1 time.
You visited 1 bazaar.
You also visited: Volcano and Wizlab.

You collected 6933 gold pieces.
You spent 4116 gold pieces at shops.

Inventory:

Hand Weapons
 x - the +6 hand axe of Bankruptcy (weapon) {vamp, Fragile rF++ Int+9}
   (You took it off a black draconian on level 5 of the Depths)

   It inflicts no extra harm, but heals its wielder when it wounds a living foe.
   It affects your intelligence (+9).
   It greatly protects you from fire.
   It will be destroyed if unequipped.
Missiles
 b - 871 stones (quivered)
Armour
 e - a +2 cloak of magic resistance (worn)
   (You found it on level 3 of the Elven Halls)
 g - the +4 shield of the End (worn) {rElec rN+ Int+2}
   (You took it off a deep elf mage on level 7 of the Dungeon)

   It affects your intelligence (+2).
   It insulates you from electricity.
   It protects you from negative energy.
 t - the +2 helmet "Latauf" (worn) {rF+}
   (You bought it in a shop on level 7 of the Dungeon)

   It protects you from fire.
 F - a +2 robe of magic resistance (worn)
   (You took it off Mara on level 3 of the Vaults)
 G - a +2 pair of gloves of archery (worn)
   (You bought it in a shop on level 7 of the Dungeon)
 T - a +2 pair of boots of stealth (worn)
   (You bought it in a shop on level 2 of the Orcish Mines)
Jewellery
 h - the ring "Ostrid" (right hand) {rElec rPois rF+ rN+ Str+4}
   (You took it off an ironbrand convoker on level 5 of the Vaults)

   [ring of protection from fire]

   It affects your strength (+4).
   It protects you from fire.
   It insulates you from electricity.
   It protects you from poison.
   It protects you from negative energy.
 l - the ring "Roshril" (left hand) {rC+ EV+3}
   (You found it on level 1 of the Depths)

   [ring of evasion]

   It affects your evasion (+3).
   It protects you from cold.
 s - an uncursed ring of flight {+Fly, !d}
   (You took it off Boris on level 5 of the Depths)
 S - the brooch of Shielding (around neck) {Reflect SH+8}
   (You took it off a vault guard on level 5 of the Vaults)

   [amulet of reflection]

   It shields you and reflects attacks.
   It affects your SH (+8).
Wands
 c - a wand of clouds (14)
   (You found it on level 1 of the Depths)
 y - a wand of iceblast (8)
   (You found it on level 1 of the Depths)
 z - a wand of digging (17)
   (You found it on level 2 of the Vaults)
 A - a wand of acid (15)
   (You found it on level 3 of the Vaults)
 K - a wand of scattershot (7)
   (You found it on level 3 of the Vaults)
Scrolls
 d - 3 scrolls of silence
 f - 25 scrolls of remove curse
 k - 14 scrolls of teleportation
 n - 7 scrolls of magic mapping {!r}
 r - 3 scrolls of blinking {!r}
 u - 2 scrolls of fear
 I - a scroll of holy word {!r!r}
 N - 5 scrolls of fog
 P - 14 scrolls of identify
Potions
 a - 6 potions of curing
 i - 2 potions of haste
 j - 12 potions of mutation {!q}
 p - 6 potions of might
 v - 2 potions of flight
 w - 7 potions of lignification {!q}
 B - 3 potions of agility
 D - 6 potions of resistance
 E - 10 potions of magic
 H - 6 potions of ambrosia
 J - 10 potions of brilliance
Miscellaneous
 m - 3 sacks of spiders
 q - a lamp of fire (inert)
   (You found it on level 2 of the Swamp)
 L - a lightning rod (4/4)
   (You found it on level 5 of the Vaults)
 R - a phial of floods
   (You found it on level 6 of the Lair of Beasts)
 U - a fan of gales (inert)
   (You found it on level 14 of the Dungeon)
 Z - 3 phantom mirrors


   Skills:
 + Level 14.9 Fighting
 + Level 12.4 Axes
 - Level 8.5 Armour
 + Level 14.2 Dodging
 - Level 3.0 Stealth
 + Level 14.2 Shields
 + Level 15.5 Spellcasting
 - Level 10.8 Conjurations
 - Level 5.0 Charms
 + Level 14.3 Summonings
 + Level 8.2 Translocations
   Level 1.1 Transmutations
   Level 5.0 Fire Magic
 - Level 5.0 Air Magic
 - Level 15.0 Earth Magic
 - Level 5.0 Evocations


You had 14 spell levels left.
You knew the following spells:

 Your Spells              Type           Power        Failure   Level  Hunger
a - Iron Shot             Conj/Erth      #######...   1%          6    N/A
b - Lehudib's Crystal Sp  Conj/Erth      #######...   11%         8    N/A
c - Shadow Creatures      Summ           N/A          1%          6    N/A
d - Spellforged Servitor  Conj/Summ      #######...   1%          7    N/A
e - Malign Gateway        Summ/Tloc      #######...   10%         7    N/A
f - Deflect Missiles      Chrm/Air       ######....   22%         6    N/A

Your spell library contained the following spells:

 Spells                   Type           Power        Failure   Level  Hunger
 Glaciate                 Conj/Ice       ######....   100%        9    N/A
 Tornado                  Air            ######....   100%        9    N/A
 Magic Dart               Conj           ####         0%          1    N/A
 Sandblast                Erth           ######       0%          1    N/A
 Summon Small Mammal      Summ           ####         0%          1    N/A
 Call Imp                 Summ           #######.     0%          2    N/A
 Call Canine Familiar     Summ           #######.     0%          3    N/A
 Stone Arrow              Conj/Erth      ######       0%          3    N/A
 Animate Skeleton         Necr           N/A          1%          1    N/A
 Apportation              Tloc           ######       1%          1    N/A
 Confusing Touch          Hex            ####..       1%          1    N/A
 Flame Tongue             Conj/Fire      #####        1%          1    N/A
 Freeze                   Ice            ####         1%          1    N/A
 Pain                     Necr           ####         1%          1    N/A
 Sting                    Conj/Pois      ####         1%          1    N/A
 Blink                    Tloc           N/A          1%          2    N/A
 Corpse Rot               Necr           N/A          1%          2    N/A
 Passwall                 Tmut/Erth      #######.     1%          2    N/A
 Shroud of Golubria       Chrm/Tloc      ######       1%          2    N/A
 Slow                     Hex            ####....     1%          2    N/A
 Sublimation of Blood     Necr           ####......   1%          2    N/A
 Swiftness                Chrm/Air       ######..     1%          2    N/A
 Throw Flame              Conj/Fire      ######       1%          2    N/A
 Throw Frost              Conj/Ice       ######       1%          2    N/A
 Conjure Flame            Conj/Fire      #######.     1%          3    N/A
 Gell's Gravitas          Tloc           #######...   1%          3    N/A
 Ignite Poison            Fire/Tmut/Pois #####...     1%          3    N/A
 Inner Flame              Hex/Fire       #####...     1%          3    N/A
 Lesser Beckoning         Tloc           #######...   1%          3    N/A
 Mephitic Cloud           Conj/Pois/Air  ######..     1%          3    N/A
 Ozocubu's Armour         Chrm/Ice       #####...     1%          3    N/A
 Portal Projectile        Hex/Tloc       ######       1%          3    N/A
 Recall                   Summ/Tloc      N/A          1%          3    N/A
 Regeneration             Chrm/Necr      #####.....   1%          3    N/A
 Summon Guardian Golem    Hex/Summ       ######..     1%          3    N/A
 Teleport Other           Tloc           #######.     1%          3    N/A
 Force Lance              Conj/Tloc      #######.     1%          4    N/A
 Leda's Liquefaction      Hex/Erth       ######....   1%          4    N/A
 Passage of Golubria      Tloc           N/A          1%          4    N/A
 Petrify                  Tmut/Erth      #######.     1%          4    N/A
 Sticky Flame             Conj/Fire      #######.     1%          4    N/A
 Summon Ice Beast         Ice/Summ       ######..     1%          4    N/A
 Summon Lightning Spire   Summ/Air       #######.     1%          4    N/A
 Throw Icicle             Conj/Ice       ######..     1%          4    N/A
 Aura of Abjuration       Summ           #######...   1%          5    N/A
 Bolt of Draining         Conj/Necr      ######....   1%          5    N/A
 Bolt of Magma            Conj/Fire/Erth #######...   1%          5    N/A
 Fireball                 Conj/Fire      #######...   1%          5    N/A
 Irradiate                Conj/Tmut      ######....   1%          5    N/A
 Iskenderun's Battlesphe  Conj/Chrm      #######.     1%          5    N/A
 Lee's Rapid Deconstruct  Erth           #######...   1%          5    N/A
 Summon Demon             Summ           #######...   1%          5    N/A
 Summon Forest            Summ/Tloc      #######...   1%          5    N/A
 Summon Mana Viper        Hex/Summ       ######..     1%          5    N/A
 Venom Bolt               Conj/Pois      ######....   1%          5    N/A
 Bolt of Fire             Conj/Fire      #######...   1%          6    N/A
 Conjure Ball Lightning   Conj/Air       #######...   1%          6    N/A
 Monstrous Menagerie      Summ           #######...   2%          7    N/A
 Summon Greater Demon     Summ           #######...   2%          7    N/A
 Summon Hydra             Summ           #######...   2%          7    N/A
 Vampiric Draining        Necr           ####......   3%          3    N/A
 Orb of Destruction       Conj           #######...   3%          7    N/A
 Poison Arrow             Conj/Pois      ######....   5%          6    N/A
 Dispersal                Tloc           #######...   6%          6    N/A
 Statue Form              Tmut/Erth      #######..    6%          6    N/A
 Animate Dead             Necr           N/A          12%         4    N/A
 Excruciating Wounds      Chrm/Necr      #####.....   12%         5    N/A
 Silence                  Hex/Air        #####.....   12%         5    N/A
 Summon Horrible Things   Summ           #######...   22%         8    N/A
 Alistair's Intoxication  Tmut/Pois      ####....     26%         5    N/A
 Agony                    Necr           ####....     32%         5    N/A
 Dispel Undead            Necr           ####....     32%         5    N/A
 Shatter                  Erth           #######...   50%         9    N/A
 Chain Lightning          Conj/Air       #######...   56%         8    N/A
 Hydra Form               Tmut           #####.....   75%         6    N/A
 Darkness                 Hex            ####......   87%         6    N/A
 Invisibility             Hex            ####....     87%         6    N/A
 Controlled Blink         Tloc           N/A          95%         8    N/A
 Disjunction              Tloc           #######...   95%         8    N/A
 Fire Storm               Conj/Fire      #######...   100%        9    N/A

Dungeon Overview and Level Annotations

Branches:
Dungeon (15/15)            Temple (1/1) D:5            Lair (6/6) D:11
  Swamp (4/4) Lair:3       Spider (4/4) Lair:4        Slime (0/5) Lair:6
    Orc (2/2) D:12            Elf (3/3) Orc:2        Vaults (5/5) D:13
  Crypt (0/3) Vaults:2     Depths (5/5) D:15            Zot (5/5) Depths:5

Altars:
Ashenzari
Cheibriados
Dithmenos
Elyvilon
Fedhas
Gozag
Hepliaklqana
Kikubaaqudgha
Makhleb
Nemelex Xobeh
Okawaru
Qazlal
Ru
Sif Muna
Trog
Uskayaw
Vehumet
Wu Jian
Xom
Yredelemnul
Zin
The Shining One
Beogh
Jiyva

Shops:
D:6 *   D:7 [   D:14 **   Orc:2 [:*(   Elf:1 =}}   Vaults:1 =:[%=   Vaults:3 }
Vaults:5 %   Depths:1 *

Portals:
Hell: Depths:1 Depths:2 Depths:3 Depths:4 Depths:5
Abyss: Depths:4
Pandemonium: Depths:1 Depths:3 Depths:5
Ziggurat: Depths:1

Annotations:
Depths:1 1 runed translucent door, exclusion: door, Orauxkutt's ghost, journeyman SpBe
Depths:3 exclusion: orange crystal statue


Innate Abilities, Weirdness & Mutations

You do not eat.
Your natural rate of healing is unusually fast.
You have razor-sharp teeth.
You have supernaturally acute eyesight. (SInv)
You can survive without breathing.
You have large cloven feet.
Your flesh is cold resistant. (rC+)
You are occasionally teleported next to monsters.
You expend magic power (3 MP) to strengthen your wands.


Message History

You take 16 damage, and have 33/187 hp.
Spoiler Alert: The storm dragon can hit for high damage in melee and has a nasty electric breath attack!
Unknown command.
Spoiler Alert: The storm dragon can hit for high damage in melee and has a nasty electric breath attack!
Unknown command.
Spoiler Alert: The storm dragon can hit for high damage in melee and has a nasty electric breath attack!
Unknown command.
Spoiler Alert: The storm dragon can hit for high damage in melee and has a nasty electric breath attack!
Unknown command.
Spoiler Alert: The storm dragon can hit for high damage in melee and has a nasty electric breath attack!
Unknown command.
Spoiler Alert: The storm dragon can hit for high damage in melee and has a nasty electric breath attack!
Okay, then.
Spoiler Alert: The storm dragon can hit for high damage in melee and has a nasty electric breath attack!
Evoke which item? (* to show all) (? for menu, Esc to quit)
Aim the lamp in which direction?
Press: ? - help, Dir - move target cursor, f - Orb Guardian
Aim: an Orb Guardian (grey smoke)
The flames dance!
The trail of fire hits the Orb Guardian.
The Orb Guardian is lightly wounded.
The trail of fire hits the Orb Guardian but does no damage.
You hear a roar!
The green draconian knight drops a net on you.
A large net falls onto you! The Orb Guardian hits you!
* * * LOW HITPOINT WARNING * * *
You hear a roar!
The red draconian hits you but does no damage.
You take 15 damage, and have 18/187 hp.
Spoiler Alert: The storm dragon can hit for high damage in melee and has a nasty electric breath attack!
Unknown command.
Spoiler Alert: The storm dragon can hit for high damage in melee and has a nasty electric breath attack!
Unknown command.
Spoiler Alert: The storm dragon can hit for high damage in melee and has a nasty electric breath attack!
Unknown command.
Spoiler Alert: The storm dragon can hit for high damage in melee and has a nasty electric breath attack!
You feel much better. The Orb Guardian hits you!
* * * LOW HITPOINT WARNING * * *
You regained 4 hp, and now have 22/187 hp.
Warning x3: The storm dragon can hit for high damage in melee and has a nasty electric breath attack!
The purple draconian annihilator can cast Lehudib's Crystal Spear or Iron Shot!
The purple draconian annihilator can dispel your buffs!
You feel better.
You hear a roar!
The Orb Guardian hits you!
* * * LOW HITPOINT WARNING * * *
A ghost moth comes into view.
The Orb Guardian hits you!
* * * LOW HITPOINT WARNING * * *
You take 10 damage, and have 12/187 hp.
Danger x4: storm dragon, ghost moth (invisible), purple draconian annihilator, purple draconian annihilator!
Okay, then.
Lua error: [string "/dgldir/rcfiles/crawl-git/Mgcat.rc"]:938: invalid capture index Unknown command.
Lua error: [string "/dgldir/rcfiles/crawl-git/Mgcat.rc"]:938: invalid capture index Evoke which item? (* to show all) (? for menu, Esc to quit)
Aiming: Cloud Cone
Press: ? - help, Dir - move target cursor, f - purple draconian annihilator, p - Orb Guardian
Aim: a purple draconian annihilator, wielding a +0 dagger and wearing a cursed +0 cloak (grey smoke)
Okay, then.
Danger x4: storm dragon, ghost moth (invisible), purple draconian annihilator, purple draconian annihilator!
Unknown command.
Lua error: [string "/dgldir/rcfiles/crawl-git/Mgcat.rc"]:938: invalid capture index Evoke which item? (* to show all) (? for menu, Esc to quit)
Okay, then.
Lua error: [string "/dgldir/rcfiles/crawl-git/Mgcat.rc"]:938: invalid capture index
Okay, then.
Danger x4: storm dragon, ghost moth (invisible), purple draconian annihilator, purple draconian annihilator!
You feel better. The ghost moth stares at you.
You feel your power leaking away. The Orb Guardian hits you!
* * * LOW HITPOINT WARNING * * *
The green draconian knight casts a spell.
The green draconian knight seems to speed up.
The green draconian misses you.
You hear a roar!
You hear a shout!
You regained 2 hp, and now have 14/187 hp.
You now have 3/42 mp.
Danger x4: storm dragon, ghost moth (invisible), purple draconian annihilator, purple draconian annihilator!
You feel better.
The green draconian knight hits you but does no damage.
The green draconian knight closely misses you.
The Orb Guardian completely misses you.
The green draconian hits you but does no damage.
The purple draconian annihilator casts a spell.
The purple draconian annihilator blinks!
The Orb Guardian hits you.
* * * LOW HITPOINT WARNING * * *
The green draconian knight hits you with a +0 war axe of flaming!
* * * LOW HITPOINT WARNING * * *
The green draconian knight tail-slaps you but does no damage.
An Orb Guardian and a purple draconian come into view.
You take 10 damage, and have 4/187 hp.
Danger x4: storm dragon, ghost moth (invisible), white draconian shifter, purple draconian (wandering)!
You are confused.
You feel invigorated.
You hear a roar!
The Orb Guardian barely misses you.
The storm dragon bites you but does no damage.
The storm dragon claws you!
You die...

,,,,,,,,,,,,,,,,,,* **,,,,,,,,,,
,,,,,,,,,^......,,* *,,,,,,,,,,
,,,,,,,,,..^.d.q,,* **,,,,,,,,,,
,,,,,,,,,....q.d,,* *,,,,,,,,,,,
,,,,,,,,,....X..,,* **,.,,,,,,,,,
,,,,,,,,,....Ldd,,***...,,,,,,,,,
,,,,,,,,,...D§qq§**#...#*********
,,,,,,,,,..q.§dD##y§..#*
*,,,,,,,,...^.qq@XX.#**
**,,,,,**▓▓▓▓▓▓▓▓▓▓▓#
*,,,,,,,,,,,,,,,****
,,,,,,,,,,,,,,,,,,,***
,,,,,,,,,,,,,,,,,,,,,**
,,,,,,,,,,,,,,,,,,,,,,* *********
,,,,,,,,,,,,,,,,,,,,,,***,,,,,,,*
,,,,,,,,,,,,,,,,,,,,,,**,,,,,,,,,
,,,,,,,,,,,,,,,,,,,,,,*,,,,,,,,,,


You could see a red draconian monk, a green draconian knight, an ancient lich, a
storm dragon, a green draconian, a purple draconian, a red draconian, a white
draconian shifter, a black draconian stormcaller, 2 Orb Guardians and a ghost
moth (invisible).

Vanquished Creatures
  2 ancient liches
  Frederick (Vaults:2)
  Jorgrun (Swamp:3)
  A lich (Vaults:5)
  A tentacled monstrosity (Zot:2)
  2 tengu reavers
  A thorn hunter (Swamp:4)
  A shadow dragon (Depths:5)
  Roxanne (Spider:1)
  2 storm dragons
  2 vault wardens
  3 emperor scorpions
  6 ghost moths
  A deep elf elementalist (Elf:2)
  2 orc warlords
  5 ironheart preservers
  A draconian annihilator (Zot:2)
  A very ugly thing (Depths:2)
  An entropy weaver (Spider:2)
  A yellow draconian (Zot:3)
  2 stone giants
  A purple draconian (Zot:3)
  2 deep elf annihilators
  A spark wasp (Depths:2)
  A red draconian (Volcano)
  Snorg (Orc:2)
  2 fire dragons
  A crystal guardian (Vaults:1)
  4 ettins
  6 ogre magi
  Josephine (D:14)
  4 yaktaur captains
  Fannar (Lair:1)
  21 hydras
  A rakshasa (Depths:2)
  2 ice dragons (Vaults:1)
  Erolcha (Orc:1)
  A shambling mangrove (Swamp:1)
  8 centaur warriors
  A death knight (Vaults:1)
  15 two-headed ogres
  9 alligators
  A dancing weapon (Elf:2)
  2 deep troll earth magi
  A deep troll shaman (D:13)
  4 orc high priests
  A soul eater (Depths:2)
  A fire crab (Lair:5)
  3 deep elf knights
  An iron troll (Depths:3)
  6 skeletal warriors
  An unseen horror (Vaults:1)
  2 spriggan druids
  4 wizards
  2 glowing orange brains
  An orange crystal statue (Depths:3)
  3 deep trolls
  6 orc knights
  A lindwurm (Lair:6)
  3 ironbrand convokers
  3 deep elf archers
  4 swamp dragons
  2 harpies (Vaults:2)
  A phantasmal warrior (Vaults:2)
  4 orc sorcerers
  8 orb spiders
  14 deep elf magi
  A cyclops (shapeshifter) (D:14)
  21 wolf spiders
  2 manticores (D:15)
  13 ugly things
  4 cyclopes
  9 elephants
  2 moths of wrath
  11 black mambas
  2 molten gargoyles (Lair:6)
  12 spiny frogs
  9 vault sentinels
  A centaur skeleton (D:12)
  A rime drake (shapeshifter) (D:15)
  A rime drake (Lair:6)
  15 komodo dragons
  6 demonic crawlers
  10 yaktaurs
  A freezing wraith (D:15)
  15 jumping spiders
  2 polar bears (Lair:6)
  12 tyrant leeches
  2 bog bodies (Swamp:1)
  6 trolls
  10 dream sheep
  10 hornets
  11 hippogriffs
  12 slime creatures
  29 blink frogs
  6 shadows
  37 redbacks
  4 spriggans
  3 vampires
  4 water elementals
  An air elemental (Elf:2)
  3 wraiths (D:14)
  28 yaks
  A fire elemental (Elf:3)
  25 tarantellas
  5 wyverns
  3 basilisks (Lair:6)
  A small abomination (Abyss:5)
  A basilisk (shapeshifter) (Vaults:1)
  A steam dragon (Lair:6)
  14 vampire mosquitoes
  3 hungry ghosts
  Eustachio (D:6)
  15 swamp worms
  10 wargs
  6 insubstantial wisps (Swamp:4)
  A two-headed ogre zombie (WizLab)
  Edmund (D:4)
  4 hell hounds
  10 porcupines
  14 water moccasins
  A spectral troll (Depths:3)
  2 black bears
  37 orc warriors
  6 ice beasts
  9 swamp drakes
  2 necrophages
  6 sky beasts
  3 boggarts (Depths:4)
  10 wolves
  19 ogres
  A centaur (shapeshifter) (Vaults:4)
  2 phantoms
  9 crocodiles
  28 centaurs
  The ghost of Loge the Bolt Thrower, an amateur KoHu (D:3)
  A big kobold (D:10)
  18 bullfrogs
  A deep troll simulacrum (Vaults:2)
  4 scorpions
  A wyvern skeleton (D:11)
  5 killer bees (D:13)
  2 troll zombies (WizLab)
  22 wights
  2 electric eels (D:7)
  3 howler monkeys
  A spectral centaur (Depths:3)
  9 crimson imps
  3 quasits (D:9)
  5 lava snakes (Lair:6)
  7 hounds
  2 jellies
  A bullfrog zombie (D:6)
  14 orc priests
  5 bullfrog skeletons
  3 iguanas
  24 orc wizards
  12 worker ants
  2 ogre zombies (WizLab)
  A howler monkey zombie (D:7)
  2 worker ant zombies
  8 adders
  2 shadow imps
  2 oozes
  An adder zombie (D:9)
  3 adder skeletons
  2 worms (D:2)
  2 dart slugs
  12 leopard geckos
  90 orcs
  3 ball pythons
  3 giant cockroaches
  9 goblins
  8 hobgoblins
  10 jackals
  5 quokkas
  10 bats
  11 frilled lizards
  14 kobolds
  A leopard gecko skeleton (D:7)
  A leopard gecko zombie (D:8)
  A quokka skeleton (D:4)
  8 rats
  2 fungi (Lair:5)
  A plant (Depths:3)
1128 creatures vanquished.

Vanquished Creatures (collateral kills)
  2 orbs of fire (Zot:2)
  Mara (Vaults:3)
  The ghost of Edwul the Luminary of Lethal Lore, a veteran GnWz of Vehumet (Depths:1)
  Sojobo (Depths:4)
  Boris (twice) (Depths:4 Depths:5)
  The ghost of Jiem the Slayer, a veteran DsFi of Hepliaklqana (Vaults:2)
  A caustic shrike (Depths:2)
  Saint Roka (Vaults:2)
  Nikola (Depths:1)
  2 curse toes
  9 golden dragons
  Arachne (Spider:3)
  9 tentacled monstrosities
  2 deep elf blademasters (Elf:3)
  12 quicksilver dragons
  2 deep elf master archers (Elf:3)
  8 titans
  A sphinx (Depths:2)
  5 death cobs
  9 eldritch tentacles
  An ancient champion (WizLab)
  12 storm dragons
  Donald (Vaults:3)
  10 shadow dragons
  6 tengu reavers
  18 draconian monks
  8 fire giants
  10 deep elf sorcerers
  5 draconian knights
  5 draconian scorchers
  11 frost giants
  11 draconian shifters
  7 emperor scorpions
  16 vault wardens
  9 draconian stormcallers
  5 deep elf elementalists
  Louise (Depths:4)
  A ghoul (Vaults:5)
  4 war gargoyles
  32 very ugly things
  7 draconian annihilators
  11 ironheart preservers
  14 green draconians
  27 stone giants
  7 deep elf demonologists
  12 black draconians
  13 red draconians
  11 deep elf annihilators
  A spark wasp (Depths:4)
  The ghost of Deilaapa the Nimble, a journeyman SpBe of Trog (Depths:1)
  A spark wasp (shapeshifter) (Vaults:2)
  10 white draconians
  12 purple draconians
  8 yellow draconians
  3 eidola (Depths:3)
  10 deep elf death magi
  14 ettins
  A merfolk impaler (Depths:4)
  14 fire dragons
  3 deep elf high priests
  4 great orbs of eyes
  20 yaktaur captains
  10 rakshasas
  11 ogre magi
  8 hydras
  11 ice dragons
  26 vault guards
  7 centaur warriors
  A spriggan air mage (Depths:4)
  29 dancing weapons
  2 alligators (Swamp:4)
  A death knight (Vaults:5)
  2 tengu warriors (D:15)
  A vampire mage (Depths:2)
  33 two-headed ogres
  An orc high priest (Elf:1)
  2 spriggan berserkers
  6 deep troll shamans
  5 deep troll earth magi
  18 deep elf knights
  14 skeletal warriors
  A titan skeleton (Depths:2)
  7 iron trolls
  A deep troll (shapeshifter) (Vaults:5)
  6 swamp dragons
  A storm dragon skeleton (Depths:2)
  4 hell knights (Depths:3)
  4 death drakes
  5 flayed ghosts
  A wizard (Depths:3)
  19 deep elf archers
  7 glowing orange brains
  9 ironbrand convokers
  12 deep trolls
  12 harpies
  85 deep elf magi
  12 orb spiders
  3 necromancers
  4 lindwurms (Depths:5)
  A mana viper (Depths:3)
  2 phantasmal warriors (Depths:3)
  22 wolf spiders
  11 orc knights
  2 orb spiders (shapeshifter)
  2 small abominations
  37 ugly things
  3 orc sorcerers
  2 cyclopes (shapeshifter)
  A salamander (Depths:1)
  3 cyclopes (Vaults:2)
  13 moths of wrath
  A water nymph (shapeshifter) (Vaults:5)
  An elephant (shapeshifter) (Vaults:5)
  12 vault sentinels
  4 torpor snails
  A hellion (Depths:1)
  A rime drake (shapeshifter) (Depths:5)
  41 yaktaurs
  3 spectral merfolk (Depths:3)
  5 demonic crawlers
  An anaconda simulacrum (Depths:3)
  9 freezing wraiths
  A red devil (Depths:1)
  4 tengu conjurers
  A hellwing (Depths:1)
  2 trolls (Vaults:2)
  A meliai (shapeshifter) (Vaults:4)
  A tyrant leech (Swamp:3)
  A polar bear (shapeshifter) (Depths:4)
  A tyrant leech (shapeshifter) (Vaults:5)
  10 jumping spiders
  A jumping spider (shapeshifter) (Vaults:3)
  3 blink frogs (Abyss:5)
  A dream sheep (shapeshifter) (Depths:5)
  2 hornets
  A raiju (Depths:2)
  30 slime creatures
  A stone giant simulacrum (Vaults:2)
  4 air elementals
  A shadow (Depths:3)
  39 redbacks
  24 tarantellas
  8 water elementals
  6 vampires
  8 wraiths
  A hog (shapeshifter) (Depths:1)
  2 spriggan skeletons (Depths:2)
  A fire elemental (Elf:1)
  A golden eye (shapeshifter) (Vaults:5)
  A minotaur simulacrum (Depths:3)
  A large abomination (Abyss:5)
  An acid dragon (Vaults:2)
  9 insubstantial wisps (Swamp:4)
  3 swamp worms
  2 two-headed ogre zombies (WizLab)
  5 wargs
  A warg (shapeshifter) (Elf:1)
  A floating eye (Depths:3)
  8 swamp drakes
  2 spectral spriggans (Depths:3)
  A spectral troll (Depths:3)
  4 hell hounds
  A sky beast (D:8)
  A black bear (shapeshifter) (Depths:3)
  26 ogres
  24 orc warriors
  15 centaurs
  6 wolves
  4 boggarts (Depths:4)
  A merfolk simulacrum (Depths:3)
  6 earth elementals
  2 spectral ogres
  5 troll zombies (WizLab)
  9 wights
  3 spectral centaurs (Depths:3)
  A crimson imp (Depths:4)
  2 orc priests
  A troll simulacrum (Depths:3)
  2 ogre zombies (WizLab)
  17 orcs
  4 crawling corpses (Elf:3)
  A fire vortex (Zot:4)
  A plant (Depths:5)
1334 creatures vanquished.

Vanquished Creatures (others)
  An ancient lich (Vaults:5)
  103 eldritch tentacles
  A draconian shifter (Zot:2)
  A green draconian (Zot:2)
  An ironbrand convoker (Vaults:5)
  A moth of wrath (Zot:3)
  A jumping spider (Spider:4)
  A warg (Depths:3)
  A boggart (Depths:4)
  An orc wizard (D:9)
  An orc (Vaults:5)
  4 fungi
  2 pillars of salt (Elf:2)
  14 plants
133 creatures vanquished.

Grand Total: 2595 creatures vanquished

Notes
Turn   | Place    | Note
-------+----------+-------------------------------------------
     0 | D:1      | Mgcat the Vampire Earth Elementalist began the quest for
                  | the Orb.
     0 | D:1      | Reached XP level 1. HP: 13/13 MP: 3/3
     1 | D:1      | Noticed an electric eel
   166 | D:1      | Reached XP level 2. HP: 18/19 MP: 5/5
   640 | D:2      | Reached XP level 3. HP: 22/24 MP: 4/7
   667 | D:2      | Learned a level 3 spell: Stone Arrow
  1022 | D:2      | Found a bloodstained altar of Trog.
  1035 | D:2      | Reached skill level 3 in Spellcasting
  1175 | D:2      | Reached skill level 4 in Earth Magic
  1323 | D:2      | Reached XP level 4. HP: 30/30 MP: 4/8
  1852 | D:3      | Found a sacrificial altar of Ru.
  1895 | D:3      | Found a hide-covered altar of Uskayaw.
  1983 | D:3      | Found a runed translucent gate.
  1983 | D:3      | Found a runed translucent gate.
  1983 | D:3      | Found a runed translucent gate.
  1984 | D:3      | Found a roughly hewn altar of Beogh.
  1987 | D:3      | Noticed Loge's ghost (amateur KoHu)
  1989 | D:3      | Identified the +2 ring mail of Muduk {rF+++ Int-3 Slay-4
                  | SInv}
  2741 | D:4      | Noticed Edmund
  2752 | D:4      | Reached XP level 5. HP: 35/35 MP: 10/10
  2759 | D:4      | Learned a level 5 spell: Lee's Rapid Deconstruction
  2962 | D:4      | Killed Edmund
  2962 | D:4      | Reached skill level 4 in Spellcasting
  2962 | D:4      | Reached skill level 1 in Conjurations
  3079 | D:4      | Noticed a phantom
  3092 | D:4      | Killed a phantom
  3092 | D:4      | Reached skill level 5 in Earth Magic
  3092 | D:4      | Reached XP level 6. HP: 41/41 MP: 2/12
  3429 | D:4      | Found a sparkling altar of Nemelex Xobeh.
  3429 | D:4      | Found a burning altar of Makhleb.
  3781 | D:5      | Entered Level 5 of the Dungeon
  3820 | D:5      | Found a shattered altar of Ashenzari.
  3827 | D:5      | Reached skill level 2 in Conjurations
  3864 | D:5      | Reached XP level 7. HP: 43/47 MP: 13/13
  3874 | D:5      | Reached skill level 1 in Fighting
  4111 | D:5      | Found a staircase to the Ecumenical Temple.
  4120 | Temple   | Entered the Ecumenical Temple
  4343 | D:5      | Reached skill level 3 in Dodging
  4560 | D:5      | Found a snail-covered altar of Cheibriados.
  4576 | D:5      | Found a stormy altar of Qazlal.
  4604 | D:5      | Found a blossoming altar of Fedhas.
  5307 | D:6      | Found Fongi's General Store.
  5394 | D:6      | Reached skill level 2 in Fighting
  5394 | D:6      | Reached skill level 5 in Spellcasting
  5394 | D:6      | Reached skill level 6 in Earth Magic
  5529 | D:6      | Found a radiant altar of Vehumet.
  5535 | D:6      | Reached XP level 8. HP: 56/56 MP: 9/15
  5541 | D:6      | Became a worshipper of Vehumet
  5668 | D:6      | Noticed Eustachio
  5678 | D:6      | Killed Eustachio
  5976 | D:6      | Reached skill level 4 in Dodging
  5976 | D:6      | Reached skill level 3 in Conjurations
  6642 | D:7      | Found Fauguc's Antique Armour Emporium.
  6647 | D:7      | Noticed a hippogriff
  6668 | D:7      | Killed a hippogriff
  6785 | D:7      | Bought a pair of embroidered gloves for 225 gold pieces
  6841 | D:7      | Reached skill level 3 in Fighting
  6891 | D:7      | Found a shadowy altar of Dithmenos.
  7190 | D:7      | Noticed a seven-headed hydra
  7290 | D:7      | Noticed a slime creature
  7313 | D:7      | Noticed an ogre mage
  7319 | D:7      | Paralysed by an ogre mage for 4 turns
  7323 | D:7      | Killed an ogre mage
  7323 | D:7      | Reached skill level 2 in Axes
  7323 | D:7      | Reached skill level 5 in Dodging
  7323 | D:7      | Reached skill level 6 in Spellcasting
  7323 | D:7      | Reached skill level 7 in Earth Magic
  7323 | D:7      | Reached XP level 9. HP: 50/65 MP: 8/18
  7434 | D:7      | Killed a seven-headed hydra
  7434 | D:7      | Reached skill level 4 in Fighting
  7434 | D:7      | Reached skill level 4 in Conjurations
  7698 | D:7      | Noticed an orc sorcerer
  7714 | D:7      | Killed an orc sorcerer
  7714 | D:7      | Reached skill level 3 in Axes
  7714 | D:7      | Reached skill level 6 in Dodging
  7826 | D:7      | Noticed a wizard
  7831 | D:7      | Killed a wizard
  7831 | D:7      | Reached XP level 10. HP: 73/73 MP: 18/20
  7867 | D:7      | Reached * piety under Vehumet
  7867 | D:7      | Offered knowledge of Sting by Vehumet.
  8115 | D:7      | Identified the +4 shield of the End {rElec rN+ Int+2}
  8115 | D:7      | Noticed a deep elf mage
  8120 | D:7      | Killed a deep elf mage
  8207 | D:7      | Reached skill level 5 in Fighting
  8504 | D:7      | Reached skill level 8 in Earth Magic
  8506 | D:7      | Identified the +4 hand axe of the Bouncing Blessings {chop,
                  | MR+ Dex+5}
  8511 | D:7      | Reached skill level 1 in Shields
  8641 | D:7      | Reached skill level 4 in Axes
  8803 | D:7      | Reached skill level 7 in Spellcasting
  9068 | D:7      | Identified the Papyrus of Contamination and Heat
  9692 | D:8      | Offered knowledge of Freeze by Vehumet.
  9697 | D:8      | Reached ** piety under Vehumet
  9711 | D:8      | Found an iron altar of Okawaru.
  9933 | D:9      | Reached skill level 5 in Conjurations
 10021 | D:9      | Noticed a two-headed ogre
 10040 | D:9      | Killed a two-headed ogre
 10040 | D:9      | Reached skill level 7 in Dodging
 10040 | D:9      | Reached skill level 2 in Shields
 10697 | D:9      | You fall into a shaft and drop 2 floors!
 10713 | D:10     | Entered Level 10 of the Dungeon
 10881 | D:10     | Reached XP level 11. HP: 81/81 MP: 19/22
 10895 | D:10     | Offered knowledge of Dazzling Spray by Vehumet.
 11335 | D:9      | Reached *** piety under Vehumet
 11635 | D:7      | Bought a transparent helmet for 285 gold pieces
 11640 | D:7      | Identified the +2 helmet "Latauf" {rF+} (You bought it in a
                  | shop on level 7 of the Dungeon)
 12718 | D:10     | Reached skill level 6 in Fighting
 12768 | D:10     | Reached skill level 3 in Shields
 12778 | D:10     | Noticed a two-headed ogre
 12782 | D:10     | Killed a two-headed ogre
 12782 | D:10     | Reached skill level 5 in Axes
 13098 | D:10     | Offered knowledge of Static Discharge by Vehumet.
 13962 | D:11     | Reached skill level 8 in Dodging
 14147 | D:11     | Noticed a purple ugly thing
 14289 | D:11     | Killed a purple ugly thing
 14629 | D:11     | Found a staircase to the Lair.
 14827 | D:11     | Reached skill level 9 in Earth Magic
 15282 | Lair:1   | Entered Level 1 of the Lair of Beasts
 15580 | Lair:1   | Reached skill level 8 in Spellcasting
 15653 | Lair:1   | Reached skill level 4 in Shields
 15768 | Lair:1   | Reached **** piety under Vehumet
 15772 | Lair:1   | Reached skill level 6 in Conjurations
 15881 | Lair:1   | Reached XP level 12. HP: 89/89 MP: 17/24
 16043 | Lair:1   | Noticed Fannar
 16190 | Lair:2   | Offered knowledge of Bolt of Draining by Vehumet.
 16454 | Lair:2   | Reached skill level 6 in Axes
 16477 | Lair:2   | Reached skill level 7 in Fighting
 16636 | Lair:2   | Reached skill level 9 in Dodging
 16946 | Lair:2   | Reached skill level 5 in Shields
 17426 | Lair:3   | HP: 22/91 [porcupine (14)]
 17675 | Lair:3   | Noticed a seven-headed hydra
 17687 | Lair:3   | Killed a seven-headed hydra
 18181 | D:7      | Bought a faintly glowing robe for 171 gold pieces
 18181 | D:7      | Identified the cursed +0 robe "Rytroc" {rElec} (You bought
                  | it in a shop on level 7 of the Dungeon)
 18183 | D:7      | Upgraded the game from 0.24-a0-446-g87df7205b4 to
                  | 0.24-a0-459-g225fefd530
 18394 | Lair:3   | Found a staircase to the Swamp.
 18398 | Lair:3   | Noticed a five-headed hydra
 18409 | Lair:3   | Killed a five-headed hydra
 18424 | Lair:3   | Reached skill level 10 in Earth Magic
 19082 | Lair:4   | Got an ancient lead amulet
 19083 | Lair:4   | Identified the amulet "Uvobb" {+Rage rElec Str+2 Dex+4}
                  | (You found it on level 4 of the Lair of Beasts)
 19122 | Lair:4   | Noticed a four-headed hydra
 19127 | Lair:4   | Killed a four-headed hydra
 19127 | Lair:4   | Reached skill level 9 in Spellcasting
 19157 | Lair:4   | Reached XP level 13. HP: 98/98 MP: 0/26
 19370 | Lair:4   | Reached ***** piety under Vehumet
 19391 | Lair:4   | Found a hole to the Spider Nest.
 19394 | Lair:4   | Offered knowledge of Spellforged Servitor by Vehumet.
 19403 | Lair:4   | Learned a level 7 spell: Spellforged Servitor
 20224 | Lair:5   | Reached skill level 7 in Axes
 20251 | Lair:4   | Reached skill level 1 in Summonings
 20268 | Lair:5   | Reached skill level 6 in Shields
 20276 | Lair:5   | Found a dark tunnel.
 20307 | Volcano  | Entered a volcano
 20469 | Volcano  | Reached skill level 10 in Dodging
 20469 | Volcano  | Reached skill level 7 in Conjurations
 20599 | Volcano  | Noticed a red draconian
 20616 | Volcano  | Killed a red draconian
 20616 | Volcano  | Reached skill level 8 in Fighting
 20812 | Lair:5   | Learned a level 6 spell: Bolt of Fire
 21226 | Lair:4   | Reached skill level 2 in Summonings
 21498 | Lair:5   | Reached skill level 1 in Fire Magic
 22038 | Lair:6   | Entered Level 6 of the Lair of Beasts
 22225 | Lair:6   | Reached skill level 1 in Armour
 22819 | Lair:6   | Reached skill level 3 in Summonings
 22993 | Lair:6   | Reached skill level 2 in Fire Magic
 23000 | Lair:6   | Offered knowledge of Ozocubu's Refrigeration by Vehumet.
 23205 | Lair:6   | Reached skill level 2 in Armour
 23302 | Lair:6   | Found a large runed translucent door.
 23303 | Lair:6   | Found a large runed translucent door.
 23318 | Lair:6   | Reached XP level 14. HP: 106/106 MP: 21/27
 23671 | Lair:6   | Found a viscous altar of Jiyva.
 23930 | Lair:6   | Found a staircase to the Slime Pits.
 24406 | Lair:6   | HP: 35/159 [fire dragon/blast of flame (35)]
 24942 | Lair:1   | Killed Fannar
 26208 | D:12     | Reached skill level 8 in Axes
 26492 | D:12     | Found a staircase to the Orcish Mines.
 26943 | Orc:1    | Entered Level 1 of the Orcish Mines
 27005 | Orc:1    | Found a bloodstained altar of Trog.
 27036 | Orc:1    | Reached skill level 4 in Summonings
 27235 | Orc:1    | Noticed an orc warlord
 27257 | Orc:1    | Killed an orc warlord
 27257 | Orc:1    | Reached skill level 7 in Shields
 27257 | Orc:1    | Reached skill level 3 in Fire Magic
 27983 | Orc:2    | Entered Level 2 of the Orcish Mines
 27990 | Orc:2    | Noticed an orc warlord
 28095 | Orc:1    | HP: 21/106 [orc warlord/+1 long sword of freezing (41)]
 28323 | D:12     | HP: 19/106 [orc warlord/+1 long sword of freezing (15)]
 28329 | D:12     | Killed an orc warlord
 28329 | D:12     | Reached skill level 3 in Armour
 28531 | Orc:1    | Found a bloodstained altar of Trog.
 28554 | Orc:1    | Reached skill level 11 in Earth Magic
 28865 | Orc:2    | Noticed Erolcha
 28881 | Orc:1    | Reached skill level 10 in Spellcasting
 28886 | Orc:1    | HP: 21/106 [orc knight/+4 dire flail (15)]
 29078 | Orc:2    | Found Ixkoceqa's General Store.
 29332 | Orc:2    | Offered knowledge of Venom Bolt by Vehumet.
 29477 | Orc:1    | Upgraded the game from 0.24-a0-459-g225fefd530 to
                  | 0.24-a0-462-ge24419a6ad
 30180 | Orc:2    | Reached skill level 9 in Fighting
 30276 | Orc:1    | Killed Erolcha
 30614 | Orc:2    | Found Hecsisch's Book Shoppe.
 30619 | Orc:2    | Found Tiaves's Antique Armour Boutique.
 30657 | Orc:2    | Bought a pair of glowing boots for 247 gold pieces
 30685 | Orc:2    | Bought a book of Power for 495 gold pieces
 30692 | Orc:2    | Learned a level 6 spell: Iron Shot
 30722 | Orc:2    | Noticed Snorg
 30735 | Orc:2    | Killed Snorg
 30971 | Orc:2    | Found a staircase to the Elven Halls.
 31200 | Orc:2    | Gained mutation: Your magical capacity is low. (-10% MP) [a
                  | neqoxec]
 31349 | Orc:2    | Reached skill level 8 in Conjurations
 31500 | Orc:2    | Found Coqaibb's Antique Weapon Boutique.
 31596 | Orc:2    | Bought a pair of glowing gloves for 247 gold pieces
 32468 | D:13     | Reached skill level 5 in Summonings
 32884 | D:13     | Reached XP level 15. HP: 113/113 MP: 14/26
 33052 | D:13     | Found a gate to the Vaults.
 33797 | D:14     | Reached skill level 4 in Fire Magic
 33980 | D:14     | Found Xizum's Assorted Antiques.
 33986 | D:14     | Bought a colourful robe for 165 gold pieces
 33986 | D:14     | Identified the cursed +1 robe of the Eagle {Int+4} (You
                  | bought it in a shop on level 14 of the Dungeon)
 34030 | D:14     | Identified the +2 rapier "Medaul" {pierce, rElec}
 34228 | D:14     | Noticed a storm dragon
 34348 | D:14     | Killed a storm dragon
 34348 | D:14     | Reached skill level 4 in Armour
 34494 | D:14     | Found a glowing golden altar of the Shining One.
 34726 | D:14     | Noticed Josephine
 34748 | D:14     | Killed Josephine
 34774 | D:14     | Offered knowledge of Conjure Ball Lightning by Vehumet.
 35255 | D:14     | Found Boqu's General Store.
 35674 | D:14     | Identified 2 scrolls of acquirement
 35681 | D:14     | Got a twisted helmet
 35682 | D:14     | Identified the +1 helmet "Bacynlets" {rF+ Int-4 SInv} (You
                  | acquired it on level 14 of the Dungeon)
 35715 | D:15     | Entered Level 15 of the Dungeon
 36820 | D:15     | Reached skill level 8 in Shields
 36828 | D:15     | Reached skill level 9 in Axes
 36986 | D:15     | Found a staircase to the Depths.
 37010 | D:15     | Reached skill level 6 in Summonings
 37789 | Swamp:1  | Entered Level 1 of the Swamp
 39053 | Swamp:1  | Got a sheer robe
 39054 | Swamp:1  | Identified the cursed +1 robe "Puvodearch" {-Tele rF+
                  | Int+6} (You found it on level 1 of the Swamp)
 39348 | Swamp:1  | HP: 21/115 [eight-headed hydra (10)]
 39987 | Swamp:1  | Reached skill level 5 in Fire Magic
 40158 | Swamp:1  | Reached ****** piety under Vehumet
 40663 | Swamp:2  | Reached skill level 5 in Armour
 40684 | Swamp:1  | HP: 28/115 [alligator (24)]
 40705 | Swamp:2  | Offered knowledge of Freezing Cloud by Vehumet.
 40712 | Swamp:1  | Reached XP level 16. HP: 65/122 MP: 8/27
 41229 | Swamp:2  | Lost mutation: Your magical capacity is low. (-10% MP)
                  | [potion of mutation]
 41229 | Swamp:2  | Gained mutation: You possess an exceptional clarity of
                  | mind. [potion of mutation]
 41229 | Swamp:2  | Gained mutation: Your spells are a little easier to cast,
                  | but a little less powerful. [potion of mutation]
 41229 | Swamp:2  | Gained mutation: You have sharp fingernails. [potion of
                  | mutation]
 41400 | Swamp:2  | Lost mutation: You possess an exceptional clarity of mind.
                  | [potion of mutation]
 41400 | Swamp:2  | Lost mutation: Your spells are a little easier to cast, but
                  | a little less powerful. [potion of mutation]
 41400 | Swamp:2  | Gained mutation: You evolve. [potion of mutation]
 41400 | Swamp:2  | Gained mutation: You have a pair of small horns on your
                  | head. [potion of mutation]
 41575 | Swamp:2  | Reached skill level 10 in Fighting
 41699 | Swamp:2  | You fall into a shaft and drop 1 floor!
 42575 | Swamp:3  | Noticed Jorgrun
 42582 | Swamp:3  | Killed Jorgrun
 42627 | Swamp:3  | Lost mutation: You evolve. [potion of mutation]
 42627 | Swamp:3  | Lost mutation: You have sharp fingernails. [potion of
                  | mutation]
 42627 | Swamp:3  | Lost mutation: You have a pair of small horns on your head.
                  | [potion of mutation]
 42627 | Swamp:3  | Gained mutation: Your flesh is cold resistant. (rC+)
                  | [potion of mutation]
 42627 | Swamp:3  | Gained mutation: You have large cloven feet. [potion of
                  | mutation]
 42627 | Swamp:3  | Gained mutation: You expend magic power (3 MP) to
                  | strengthen your wands. [potion of mutation]
 42676 | Swamp:3  | Reached skill level 11 in Spellcasting
 42803 | Swamp:3  | Reached skill level 7 in Summonings
 42803 | Swamp:3  | Reached skill level 12 in Earth Magic
 43128 | Spider:1 | Entered Level 1 of the Spider Nest
 43144 | Lair:4   | HP: 15/122 [wolf spider (24)]
 43149 | Lair:4   | HP: 10/122 [wolf spider (11)]
 43149 | Lair:4   | HP: 4/122 [wolf spider (6)]
 43594 | Spider:1 | Learned a level 7 spell: Orb of Destruction
 43961 | Spider:1 | HP: 27/122 [poisoned by a wolf spider]
 43963 | Spider:1 | HP: 9/122 [wolf spider (17)]
 44296 | Lair:4   | Upgraded the game from 0.24-a0-462-ge24419a6ad to
                  | 0.24-a0-463-g3510def36b
 44375 | Swamp:4  | Entered Level 4 of the Swamp
 44734 | Swamp:4  | Reached skill level 9 in Conjurations
 44770 | Swamp:3  | HP: 30/122 [poisoned by a swamp dragon (poison gas)]
 44775 | Swamp:3  | HP: 26/122 [poisoned by a swamp dragon (poison gas)]
 44780 | Swamp:3  | HP: 25/122 [poisoned by a swamp dragon (poison gas)]
 44786 | Swamp:3  | HP: 24/122 [poisoned by a swamp dragon (poison gas)]
 44791 | Swamp:3  | HP: 24/122 [poisoned by a swamp dragon (poison gas)]
 44798 | Swamp:3  | HP: 26/122 [poisoned by a swamp dragon (poison gas)]
 44806 | Swamp:3  | HP: 28/122 [poisoned by a swamp dragon (poison gas)]
 45265 | Swamp:3  | Reached skill level 9 in Shields
 45832 | Swamp:4  | Noticed a thorn hunter
 45837 | Swamp:4  | Killed a thorn hunter
 46175 | Swamp:4  | Offered knowledge of Poison Arrow by Vehumet.
 47196 | Swamp:4  | Got a decaying rune of Zot
 47943 | Spider:1 | Reached skill level 10 in Axes
 48173 | Spider:1 | Noticed Roxanne
 48573 | Spider:1 | Killed Roxanne
 48573 | Spider:1 | Reached skill level 8 in Summonings
 50117 | Spider:2 | Reached XP level 17. HP: 129/129 MP: 19/32
 50179 | Spider:2 | Offered knowledge of Bolt of Cold by Vehumet.
 51269 | Spider:3 | Noticed Arachne
 51275 | Spider:3 | Killed Arachne
 51729 | Spider:3 | Got a ripped robe
 51730 | Spider:3 | Identified the cursed +1 robe of Contentment {rPois rN+}
                  | (You found it on level 3 of the Spider Nest)
 52002 | Spider:3 | Reached skill level 11 in Fighting
 52710 | Spider:4 | Entered Level 4 of the Spider Nest
 52752 | Spider:4 | Reached skill level 10 in Shields
 52871 | Spider:4 | Reached skill level 13 in Earth Magic
 52879 | Spider:4 | Reached skill level 9 in Summonings
 52884 | Spider:4 | Offered knowledge of Lehudib's Crystal Spear by Vehumet.
 52884 | Spider:4 | Offered knowledge of Glaciate by Vehumet.
 52884 | Spider:4 | Offered knowledge of Tornado by Vehumet.
 52888 | Spider:4 | Reached skill level 12 in Spellcasting
 52978 | Spider:4 | Learned a level 8 spell: Lehudib's Crystal Spear
 53808 | D:14     | Bought a scroll of amnesia for 101 gold pieces
 55010 | Spider:4 | Got a gossamer rune of Zot
 55284 | Vaults:1 | Entered Level 1 of the Vaults
 56423 | Vaults:1 | Reached skill level 10 in Conjurations
 56628 | D:13     | Reached XP level 18. HP: 56/138 MP: 34/34
 56946 | Vaults:1 | Found Sishenk's Food Shop.
 57613 | Vaults:1 | Found Juocies's Book Emporium.
 57623 | Vaults:1 | Found Tyniruc's Armour Emporium.
 57939 | Vaults:1 | Found Soowes's Jewellery Emporium.
 58740 | Vaults:1 | Found Ytawkol's Jewellery Shoppe.
 59056 | Vaults:2 | Noticed Frederick
 59063 | Vaults:2 | Killed Frederick
 59063 | Vaults:2 | Reached skill level 10 in Summonings
 59301 | Vaults:2 | Noticed Saint Roka
 59323 | Vaults:2 | Killed Saint Roka
 60899 | Vaults:2 | Reached skill level 12 in Fighting
 61015 | Vaults:2 | Reached skill level 11 in Shields
 62086 | Vaults:2 | Found a runed translucent door.
 62086 | Vaults:2 | Found a shimmering altar of Xom.
 62088 | Vaults:2 | Noticed Jiem's ghost (veteran DsFi)
 62107 | Vaults:2 | You fall into a shaft and drop 2 floors!
 62302 | Vaults:3 | Noticed Donald
 62335 | Vaults:4 | Found a magical portal.
 62375 | Vaults:4 | Reached skill level 11 in Axes
 62420 | WizLab   | Entered Zonguldrok's Shrine
 62849 | WizLab   | HP: 32/140 [ancient champion/stone arrow (13)]
 62850 | WizLab   | Reached skill level 14 in Earth Magic
 63172 | WizLab   | Noticed an antique lich
 63178 | WizLab   | Killed an antique lich
 63178 | WizLab   | Reached skill level 1 in Evocations
 63178 | WizLab   | Reached XP level 19. HP: 93/146 MP: 16/35
 63306 | WizLab   | Found the +9 sword of Zonguldrok {reap}
 63733 | Vaults:3 | Learned a level 6 spell: Shadow Creatures
 63838 | Vaults:3 | Reached skill level 13 in Spellcasting
 64258 | Vaults:4 | Reached skill level 2 in Evocations
 66047 | Vaults:3 | Reached skill level 3 in Evocations
 66986 | Vaults:2 | Found a staircase to the Crypt.
 66986 | Vaults:2 | Found an ancient bone altar of Kikubaaqudgha.
 66987 | Vaults:2 | Found a basalt altar of Yredelemnul.
 67564 | Vaults:3 | Noticed Mara
 67566 | Vaults:3 | Noticed Mgcat's illusion
 67577 | Vaults:3 | Killed Mara
 67858 | Vaults:3 | Found Osuum's Gadget Shop.
 68139 | Vaults:1 | Bought a Grand Grimoire for 1324 gold pieces
 68147 | Vaults:1 | Learned a level 7 spell: Malign Gateway
 68642 | Vaults:3 | Killed Donald
 69363 | D:3      | Killed Loge's ghost
 69933 | Depths:1 | Entered Level 1 of the Depths
 70162 | Depths:1 | Noticed Nikola
 70192 | Depths:1 | Killed Nikola
 70337 | Depths:1 | Found a one-way gate leading to the halls of Pandemonium.
 70359 | Depths:1 | Found a gateway to a ziggurat.
 70377 | Depths:1 | Found Kiupp's Assorted Antiques.
 70382 | Depths:1 | Bought a runed robe for 166 gold pieces
 70500 | Depths:1 | Found a runed translucent door.
 70500 | Depths:1 | Noticed Deilaapa's ghost (journeyman SpBe)
 70695 | Depths:1 | Found a gateway to Hell.
 70882 | Depths:1 | Reached skill level 1 in Translocations
 71520 | Depths:2 | Reached skill level 4 in Evocations
 71762 | Depths:2 | Reached XP level 20. HP: 155/155 MP: 27/37
 71927 | Depths:2 | Found a shattered altar of Ashenzari.
 72100 | Depths:2 | Reached skill level 6 in Armour
 72323 | Depths:2 | HP: 31/155 [rakshasa (illusionary)/orb of energy (24)]
 72817 | Depths:2 | Noticed a caustic shrike
 72836 | Depths:2 | Killed a caustic shrike
 73025 | Depths:2 | Reached skill level 2 in Translocations
 73250 | Depths:2 | Noticed a golden dragon
 73298 | Depths:2 | Reached skill level 12 in Shields
 73770 | Depths:1 | Reached skill level 11 in Dodging
 73775 | Depths:1 | Killed Deilaapa's ghost
 73872 | Depths:1 | Found a runed translucent door.
 73879 | Depths:1 | Noticed Edwul's ghost (veteran GnWz)
 73880 | Depths:1 | Noticed a golden dragon
 73882 | Depths:1 | Got an ancient amber ring
 73883 | Depths:1 | Identified the ring "Roshril" {rC+ EV+3} (You found it on
                  | level 1 of the Depths)
 74214 | Depths:2 | Upgraded the game from 0.24-a0-463-g3510def36b to
                  | 0.24-a0-479-g9a978d2894
 74239 | Depths:2 | Killed a golden dragon
 74483 | Depths:2 | Found a shattered altar of Ashenzari.
 76727 | Depths:4 | Noticed a golden dragon
 76730 | Depths:4 | Reached skill level 13 in Fighting
 76741 | Depths:4 | Killed a golden dragon
 76742 | Depths:4 | Reached skill level 11 in Summonings
 76748 | Depths:4 | Reached skill level 5 in Evocations
 76995 | Depths:4 | Reached skill level 3 in Translocations
 77093 | Depths:4 | Noticed Boris
 77135 | Depths:4 | Killed Boris
 77701 | Depths:4 | Reached skill level 12 in Axes
 77937 | Depths:4 | Found a one-way gate to the infinite horrors of the Abyss.
 77937 | Depths:4 | Noticed Louise
 77962 | Depths:4 | Killed Louise
 79179 | Depths:4 | Noticed Sojobo
 79454 | Depths:4 | Noticed a golden dragon
 79463 | Depths:4 | Killed a golden dragon
 80139 | Depths:4 | Killed Sojobo
 80393 | Depths:4 | Learned a level 6 spell: Deflect Missiles
 80734 | Depths:4 | Found a one-way gate to the infinite horrors of the Abyss.
 81154 | Depths:5 | Entered Level 5 of the Depths
 81216 | Depths:5 | Reached XP level 21. HP: 128/162 MP: 27/38
 81251 | Depths:5 | Found a flickering gateway to a bazaar.
 81262 | Bazaar   | Entered a bazaar
 81348 | Bazaar   | Found Barr's Jewellery Boutique.
 81354 | Bazaar   | Bought a cursed -3 ring of strength for 20 gold pieces
 81354 | Bazaar   | Bought a cursed amulet of inaccuracy for 20 gold pieces
 81368 | Bazaar   | Found Lum Jat's General Store.
 81385 | Bazaar   | Found Soelyil's Book Boutique.
 81402 | Bazaar   | Found Molokhlo's Antique Armour Shoppe.
 81424 | Bazaar   | Bought a slimy ring mail for 270 gold pieces
 81424 | Bazaar   | Bought a glowing cloak for 225 gold pieces
 81449 | Bazaar   | Identified the +4 ring mail of the Morning Star {MR++} (You
                  | bought it in a shop in a bazaar)
 81509 | Bazaar   | Bought a scroll of enchant armour for 97 gold pieces
 81627 | Depths:5 | Reached skill level 1 in Air Magic
 81630 | Depths:5 | Reached skill level 1 in Charms
 82152 | Depths:5 | Reached skill level 7 in Armour
 82262 | Depths:5 | Noticed Boris
 82299 | Depths:5 | Killed Boris
 82876 | Depths:5 | Reached skill level 4 in Translocations
 83549 | Depths:5 | Reached skill level 2 in Charms
 83602 | Depths:5 | Identified the +6 hand axe of Bankruptcy {vamp, Fragile
                  | rF++ Int+9}
 83631 | Depths:5 | Identified the cursed +1 quarterstaff of Sin {antimagic,
                  | +Inv rN+++ Str+4 Int-5}
 83642 | Depths:5 | Reached skill level 2 in Air Magic
 84098 | Depths:5 | Reached skill level 14 in Spellcasting
 84224 | Depths:5 | Found a gate to the Realm of Zot.
 84302 | Depths:5 | Got crude gold dragon scales
 84303 | Depths:5 | Identified the cursed +0 gold dragon scales of
                  | Cheibriados's Wrath {rElec rPois rF+ rC+ Dex+7 Stlth+} (You
                  | found it on level 5 of the Depths)
 84664 | Depths:5 | Reached skill level 15 in Earth Magic
 84777 | Depths:3 | Noticed an ancient lich
 84850 | Depths:3 | Killed an ancient lich
 85831 | Depths:3 | Reached skill level 3 in Charms
 86970 | Depths:3 | Reached skill level 12 in Summonings
 86970 | Depths:3 | Reached XP level 22. HP: 168/168 MP: 35/40
 87821 | Vaults:2 | Killed Jiem's ghost
 87831 | Vaults:2 | Got an iridescent dagger
 87832 | Vaults:2 | Identified the cursed +3 dagger of the Hand {vamp, *Corrode
                  | rF+ Str+4 Dex+4} (You found it on level 2 of the Vaults)
 88045 | Elf:1    | Entered Level 1 of the Elven Halls
 88895 | Elf:1    | Reached skill level 3 in Air Magic
 89350 | Elf:1    | Reached skill level 12 in Dodging
 90053 | Elf:1    | Found Riesekurr's Jewellery Shop.
 90053 | Elf:1    | Found Luetiojo's Gadget Emporium.
 90054 | Elf:1    | Found Nyclah's Gadget Emporium.
 90061 | Elf:1    | Bought a cursed ring of teleportation for 58 gold pieces
 90688 | Elf:2    | Found a runed translucent gate.
 90688 | Elf:2    | Found a runed translucent gate.
 90688 | Elf:2    | Found a runed translucent gate.
 90712 | Elf:2    | Reached skill level 4 in Charms
 91091 | Elf:2    | Got a transparent scale mail
 91092 | Elf:2    | Identified the +4 scale mail "Mauwneuc" {Str+9 Int+4 Dex-3}
                  | (You found it on level 2 of the Elven Halls)
 91180 | Elf:2    | Reached skill level 5 in Translocations
 92150 | Elf:3    | Entered Level 3 of the Elven Halls
 92474 | Elf:3    | Reached skill level 4 in Air Magic
 93357 | Elf:3    | Reached XP level 23. HP: 149/175 MP: 2/41
 93548 | Elf:3    | Identified the ring of Xapnuxiugy {Fire Str+9 Int+4}
 94004 | Elf:3    | Identified the ring "Qeunn" {Wiz rN+ SInv}
 94061 | Elf:3    | Identified the +3 leather armour of the Saviour {+Inv rC+
                  | Dex+2}
 94079 | Elf:3    | Identified the +3 trident "Jogiacs" {antimagic, rF- rC+
                  | Str+3}
 94106 | Elf:3    | Reached skill level 13 in Shields
 94243 | Elf:3    | Identified the +6 chain mail of Zuikkah {MR+ Str+2 Int-5}
 94268 | Elf:3    | Reached skill level 5 in Charms
 95149 | Vaults:5 | Entered Level 5 of the Vaults
 95571 | Vaults:5 | Identified the +3 arbalest of Tanoiddi {freeze, *Slow rN+
                  | Stlth+}
 95571 | Vaults:5 | Identified the ring "Yjeziari" {rF+ Str+3 Int-4 Slay+1}
 95579 | Vaults:5 | Reached skill level 13 in Summonings
 95787 | Vaults:5 | Identified the amulet "Vesaox" {Acrobat Str+3}
 95855 | Vaults:5 | Identified the ring "Jittui" {*Drain +Fly rPois Str+3}
 95971 | Vaults:5 | Got a steaming scale mail
 95972 | Vaults:5 | Identified the cursed +1 scale mail of the Will of the Gods
                  | {Int+8} (You found it on level 5 of the Vaults)
 96084 | Vaults:5 | Reached skill level 5 in Air Magic
 96187 | Vaults:5 | Reached skill level 8 in Armour
 96956 | Vaults:5 | Identified Buibrueb's Almanac of the Quantum Escort
 97032 | Vaults:5 | Reached skill level 6 in Translocations
 97194 | Vaults:5 | Reached skill level 14 in Fighting
 97326 | Vaults:5 | Got a pair of ichor-stained gloves
 97327 | Vaults:5 | Identified the +0 pair of gloves of Insurance {Int+2 Dex+5}
                  | (You found it on level 5 of the Vaults)
 97559 | Vaults:5 | Found Gunem's Food Emporium.
 98016 | Vaults:5 | Identified the +10 plate armour of the Distant Future {+Fly
                  | rC+}
 98320 | Vaults:5 | Got a silver rune of Zot
 98350 | Vaults:5 | Noticed an ancient lich
 98369 | Vaults:5 | Identified the ring "Ostrid" {rElec rPois rF+ rN+ Str+4}
 98369 | Vaults:5 | Killed an ancient lich
 98369 | Vaults:5 | Reached skill level 13 in Dodging
 99773 | Depths:1 | Killed Edwul's ghost
 99892 | Depths:1 | Found a runed translucent door.
 99896 | Depths:1 | Noticed Orauxkutt's ghost (journeyman SpBe)
100142 | Zot:1    | Entered Level 1 of the Realm of Zot
102140 | Zot:2    | Reached skill level 15 in Spellcasting
102140 | Zot:2    | Reached XP level 24. HP: 184/184 MP: 35/42
102185 | Zot:2    | Reached skill level 7 in Translocations
102322 | Zot:2    | Identified the +6 whip "Jaushriygobe" {slash, +Inv rN+}
103542 | Zot:2    | Noticed an orb of fire
103543 | Zot:2    | Noticed an orb of fire
103555 | Zot:2    | Killed an orb of fire
103573 | Zot:2    | Killed an orb of fire
104922 | Zot:3    | Reached skill level 14 in Summonings
105040 | Zot:3    | Reached skill level 14 in Shields
105046 | Zot:3    | Gained mutation: You are occasionally teleported next to
                  | monsters. [the power of Zot]
105046 | Zot:3    | Gained mutation: Your magical capacity is low. (-10% MP)
                  | [the power of Zot]
105057 | Zot:3    | Cast into level 5 of the Abyss (the power of Zot)
105057 | Abyss:5  | Entered Level 5 of the Abyss
105057 | Abyss:5  | Entered Level 5 of the Abyss
105089 | Abyss:5  | Found a corrupted altar of Lugonu.
105148 | Zot:3    | Escaped the Abyss
105158 | Zot:3    | HP: 46/185 [red draconian stormcaller/divine providence
                  | (13)]
105169 | Zot:3    | HP: 28/187 [storm dragon (11)]
105173 | Zot:3    | HP: 9/187 [storm dragon/bolt of lightning (6)]
105188 | Zot:3    | HP: 37/187 [acid (15)]
105219 | Zot:3    | HP: 43/187 [black draconian monk/bolt of lightning (12)]
105781 | Zot:3    | Reached skill level 14 in Dodging
106163 | Zot:3    | Upgraded the game from 0.24-a0-479-g9a978d2894 to
                  | 0.24-a0-486-ged8816983f
106550 | Zot:4    | Reached skill level 8 in Translocations
108150 | Zot:5    | Entered Level 5 of the Realm of Zot
109014 | Zot:5    | Noticed an ancient lich
109014 | Zot:5    | Noticed an ancient lich
109014 | Zot:5    | Noticed an orb of fire
109015 | Zot:5    | Noticed an ancient lich
109022 | Zot:5    | Lost mutation: Your magical capacity is low. (-10% MP) [the
                  | power of Zot]
109025 | Zot:5    | Noticed a Killer Klown
109029 | Zot:5    | HP: 35/187 [Orb Guardian (13)]
109032 | Zot:5    | HP: 12/187 [Orb Guardian (11)]
109034 | Zot:5    | HP: 4/187 [green draconian knight/+0 war axe of flaming
                  | (10)]
109035 | Zot:5    | Slain by a storm dragon

Levels and vault maps discovered:
D:1:      arrival_aquarium_a, layout_rooms, serial_rivers,
          chequers_serial_rivers_small_3, chequers_serial_rivers_micro_c,
          chequers_serial_rivers_large_a, chequers_serial_rivers_room_b,
          chequers_serial_rivers_marsh
D:2:      layout_basic, old_standard_altar, first_ration
D:3:      layout_rooms, eat_drink_and_be_merry_uskayaw,
          nicolae_ru_path_of_blood, biasface_ghost_orc_armoury
D:4:      layout_cave_pools, grunt_temple_overflow_open, uniq_edmund
D:5:      layout_loops_ring, nicolae_overflow_quartered_altars,
          minmay_temple_entry_junction_2
D:6:      layout_basic, vehumet_crystals, serial_shops, shop, uniq_eustachio
D:7:      minmay_the_grid_plus_closed [minmay_the_grid_tri_star,
          minmay_the_grid_pillar_ring, minmay_the_grid_broken_lines,
          minmay_the_grid_square_x, minmay_the_grid_prize_trominoes],
          layout_basic, nicolae_overflow_crystal_walls, serial_shops, shop,
          the_bakery, chequers_big_river, minmay_joined_circles
D:8:      layout_cave_pools, okawaru_ov_weapons_minmay
D:9:      layout_layer_cave
D:10:     layout_long_grid
D:11:     layout_rooms, david_lair_shrubbed
D:12:     layout_loops_ring, erik_orc_3, minmay_misc_feat_pillars
D:13:     layout_loops_cross
D:14:     layout_loops_ring, serial_shops, nicolae_shop_overgrown_old_shop,
          shop, basic_altar, roderic_st_hans_cross, nrook_pool_corridor,
          wad_floor_pattern_1, minmay_diamond_spiral, uniq_josephine
D:15:     hangedman_depths_entry_civil_slaughter, layout_loops_ring,
          dk_noncrumbling_4
Temple:   dpeg_chambers_temple
Lair:1:   layout_regular_city, uniq_fannar
Lair:2:   layout_chaotic_city, chequers_serial_rivers_small_3
Lair:3:   layout_big_grid, swamp_mist, minivault_27, minivault_11
Lair:4:   layout_loops_ring, nicolae_spider_entry_tight_spaces, serial_rivers,
          chequers_serial_rivers_room_b, chequers_serial_rivers_micro_e,
          chequers_serial_rivers_small_b, chequers_serial_rivers_marsh,
          chequers_serial_rivers_large_b, chequers_serial_rivers_micro_c,
          patterned_corridor
Lair:5:   layout_cave_shapes, enter_volcano_2, minivault_26
Lair:6:   cheibrodos_lair_end_hotspot, layout_long_grid, slime_altar_1
Swamp:1:  layout_basic_swamp, evilmike_swamp_ruin_house_4
Swamp:2:  layout_basic_swamp, evilmike_swamp_ruin_wall
Swamp:3:  layout_basic_swamp, evilmike_swamp_ruin_house_2, swamp_pool3,
          infiniplex_staircase_pool, uniq_jorgrun
Swamp:4:  swamp, layout_basic_swamp
Spider:1: layout_spider_delve, uniq_roxanne
Spider:2: layout_spider_delve
Spider:3: layout_spider_delve, nicolae_arachne_temple
Spider:4: grunt_spider_rune_circles
Orc:1:    layout_caves, trog_book
Orc:2:    grunt_orc_gardens, layout_diamond_mine, grunt_orc_garden,
          grunt_orc_garden, grunt_orc_garden, grunt_orc_garden, uniq_snorg,
          uniq_erolcha
Elf:1:    minmay_elf_arrival_summoners, layout_onion_city, minivault_28,
          hangedman_elf_simple_split, minmay_shop_grove
Elf:2:    layout_loops_corners, portal_desolation_entry_garden
Elf:3:    grunt_elf_hall_asides, layout_loops_corners
Vaults:1: nicolae_vaults_network_quinsquares
          [nicolae_vaults_network_quincunx_subvault,
          nicolae_vaults_network_quincunx_subvault,
          nicolae_vaults_network_quincunx_subvault,
          nicolae_vaults_network_quincunx_subvault], v_misc_23, serial_ice_b,
          nicolae_vaults_big_angled_halls, nicolae_vaults_asterisk,
          vaults_room_semicircle, v_misc_8, v_misc_33, ontoclasm_vaults_shout,
          nicolae_vaults_alarming, hangedman_vaults_maws,
          nicolae_vaults_angled_halls, vaults_room_corners,
          nicolae_vaults_mini_display_case, layout_vaults_ring, serial_shops,
          shop, shop, shop, nicolae_shop_trees, shop
Vaults:2: ebering_vaults_ghost_xom, vaults_mumra_bighexcomb, v_misc_26,
          minmay_crypt_entry_necro_gods, vaults_dpeg_doors,
          nicolae_vaults_border_crossing, v_pattern_4, v_misc_16,
          nicolae_vaults_little_squares_3, layout_vaults_chaotic_city,
          uniq_frederick, uniq_saint_roka
Vaults:3: hangedman_vaults_slice, v_alt_pattern_5, vaults_mumra_hexcomb,
          v_misc_22, v_misc_18, ontoclasm_vaults_idyll,
          hangedman_vaults_stretched_pinwheel, vaults_room_hangedman_quadrants,
          hangedman_vaults_locks, vaults_room_semicircle, v_misc_2,
          v_alt_pattern_1, layout_vaults_omnicross, serial_shops,
          nicolae_shop_stone, uniq_mara, uniq_donald
Vaults:4: hangedman_vaults_hat, v_misc_4, v_misc_9, vaults_standard_mumra_lines,
          hangedman_vaults_cutoff, ontoclasm_vaults_spin, vaults_dpeg_diagonal,
          nicolae_vaults_theta, layout_vaults_omnigrid, mu_enter_wizlab_6
Vaults:5
Depths:1: layout_roguey, enter_ziggurat_e, pan_entry, serial_shops, shop,
          hellmouth_1, hangedman_abyss_or_decor_stagger,
          muffindrake_ghost_three_little_ghosts, moated_statue, uniq_nikola
Depths:2: cheibrodos_salmonella, layout_gridlike, ashenzari_altar_1,
          grunt_hell_entry_dis_grunt, grunt_ministairs_1,
          infiniplex_staircase_river
Depths:3: lemuel_river_lethe, pan_entry, hell_entry
Depths:4: cheibrodos_leafed_vault, layout_gridlike,
          nicolae_abyss_entry_one_way_or_another, pf_dread_powers_of_hell,
          minmay_staircase_statues_hall_small, uniq_sojobo, uniq_boris
Depths:5: lemuel_castle_with_subvaults [lemuel_castle_interior_carwin_1],
          layout_basic, nicolae_benzene_ring, pan_entry, hell_entry,
          serial_shops, bzr_entry_customers
Zot:1:    layout_gridlike
Zot:2:    layout_gridlike, lemuel_baited_zot_trap, lemuel_lake_of_fire
Zot:3:    layout_onion, st_stairs_8, grunt_ministairs_15
Zot:4:    layout_gridlike
Zot:5:    layout_cathedral_of_symmetry

Skill      XL: |  1  2  3  4  5  6  7  8  9 10 11 12 13 14 15 16 17 18 19 20 21 22 23 24 |
---------------+-------------------------------------------------------------------------+-----
Spellcasting   | 3 4 5 6 7 8 9 10 11 12 13 14 15 | 15.5
Earth Magic    | 4 5 6 7 8 9 10 11 12 13 14 15 | 15.0
Conjurations   | 1 2 3 4 5 6 7 8 9 10 | 10.8
Fighting       | 2 3 4 5 6 7 8 9 10 11 12 13 14 | 14.9
Dodging        | 3 5 6 7 8 9 10 11 12 13 14 | 14.2
Axes           | 2 3 4 5 6 7 8 9 10 11 12 | 12.4
Shields        | 2 4 5 6 7 8 9 10 11 12 13 14 | 14.2
Summonings     | 3 5 6 8 9 10 11 12 13 14 | 14.3
Fire Magic     | 2 3 5 |  5.0
Armour         | 2 3 5 6 7 8 |  8.5
Evocations     | 1 4 5 |  5.0
Translocations | 1 3 4 5 6 8 |  8.2
Air Magic      | 2 4 5 |  5.0
Charms         | 3 4 5 |  5.0
Stealth        | |  3.0
Transmutations | |  1.1

Action                   |  1- 3 |  4- 6 |  7- 9 | 10-12 | 13-15 | 16-18 | 19-21 | 22-24 || total
-------------------------+-------+-------+-------+-------+-------+-------+-------+-------++-------
Melee: Spear             |   141 |    49 |       |       |       |       |       |       ||   190
       Bite              |     7 |     9 |     2 |    21 |    75 |   127 |   120 |    35 ||   396
       Mace              |       |    43 |       |       |       |       |       |       ||    43
       Flail             |       |    34 |    40 |       |       |       |       |       ||    74
       Broad axe         |       |       |     4 |     9 |       |    15 |       |       ||    28
       Hand axe          |       |       |       |   167 |   517 |   831 |   700 |   314 ||  2529
       Headbutt          |       |       |       |       |       |     6 |       |       ||     6
Throw: Stone             |       |     1 |     3 |     2 |       |       |       |       ||     6
       Throwing net      |       |       |     2 |       |       |       |       |       ||     2
 Cast: Sandblast         |    10 |    25 |    25 |    86 |   115 |       |       |       ||   261
       Stone Arrow       |     2 |    32 |    44 |   209 |   430 |       |       |       ||   717
       Lee's Rapid Decon |       |       |    14 |    93 |   115 |    13 |       |       ||   235
       Iron Shot         |       |       |       |       |   206 |   359 |    51 |    17 ||   633
       Spellforged Servi |       |       |       |       |     4 |   165 |   198 |   176 ||   543
       Bolt of Fire      |       |       |       |       |     3 |       |       |       ||     3
       Shadow Creatures  |       |       |       |       |       |       |   268 |   185 ||   453
       Lehudib's Crystal |       |       |       |       |       |       |     1 |       ||     1
       Deflect Missiles  |       |       |       |       |       |       |     1 |     4 ||     5
       Malign Gateway    |       |       |       |       |       |       |       |   112 ||   112
 Abil: Exsanguinate      |       |       |       |       |     1 |     1 |       |       ||     2
       Revivify          |       |       |       |       |     1 |     1 |       |       ||     2
       Evoke Berserk Rag |       |       |       |       |       |     3 |     1 |       ||     4
       Evoke Flight      |       |       |       |       |       |       |       |     1 ||     1
Evoke: Wand              |       |       |     4 |     4 |    27 |    16 |    12 |    10 ||    73
       Sack of spiders   |       |       |       |       |     9 |     3 |       |     1 ||    13
       Box of beasts     |       |       |       |       |     1 |       |       |     1 ||     2
       Phial of floods   |       |       |       |       |     2 |     2 |       |       ||     4
       Phantom mirror    |       |       |       |       |     1 |       |       |       ||     1
       Lamp of fire      |       |       |       |       |       |     5 |       |     1 ||     6
       Fan of gales      |       |       |       |       |       |       |       |     1 ||     1
  Use: Scroll            |       |     3 |    17 |    10 |    25 |    17 |     6 |    19 ||    97
       Potion            |       |     1 |       |     3 |     7 |    28 |     6 |    13 ||    58
 Stab: Sleeping          |     4 |     2 |       |       |     2 |     1 |     4 |       ||    13
       Distracted        |       |       |       |       |     7 |    16 |    24 |    13 ||    60
       Invisible         |       |       |       |       |       |    12 |       |       ||    12
       Paralysed         |       |       |       |       |       |       |     3 |       ||     3
       Petrifying        |       |       |       |       |       |       |       |     1 ||     1
Armor: Robe              |    28 |    26 |       |       |    26 |   252 |    86 |    85 ||   503
       Leather armour    |       |    12 |    21 |    89 |   132 |       |       |       ||   254
       Skin              |       |       |       |       |    13 |     3 |       |       ||    16
       Ring mail         |       |       |       |       |       |       |     5 |     3 ||     8
Dodge: Dodged            |    81 |    95 |    45 |   174 |   478 |   861 |   424 |   311 ||  2469
       Deflected         |       |       |       |       |       |       |     2 |    40 ||    42
Block: Shield            |       |       |       |   196 |   653 |   983 |   604 |   421 ||  2857
       Reflection        |       |       |       |       |       |       |       |     5 ||     5

Table legend:
 A = Non-vault XP
 B = Vault XP
 C = Vault XP percentage of total XP
 D = Non-vault monster count
 E = Vault monster count
 F = Vault count percentage of total count
                 A         B        C        D         E       F
            +---------+---------+-------+---------+---------+-------
      Total |  551898 |  423228 |  43.4 |    1654 |     796 |  32.5
            +---------+---------+-------+---------+---------+-------
        D:1 |      28 |       0 |   0.0 |      16 |       0 |   0.0
        D:2 |      82 |       0 |   0.0 |      30 |       0 |   0.0
        D:3 |      57 |     121 |  68.0 |      28 |       7 |  20.0
        D:4 |     289 |     158 |  35.3 |      22 |       1 |   4.3
        D:5 |     495 |       0 |   0.0 |      14 |       0 |   0.0
        D:6 |     455 |     182 |  28.6 |      16 |       1 |   5.9
        D:7 |     405 |    5712 |  93.4 |       6 |      32 |  84.2
        D:8 |     590 |       0 |   0.0 |      14 |       0 |   0.0
        D:9 |    3166 |       0 |   0.0 |      47 |       0 |   0.0
       D:10 |    3790 |       0 |   0.0 |      38 |       0 |   0.0
       D:11 |    1895 |     537 |  22.1 |      16 |       2 |  11.1
       D:12 |    5350 |    1727 |  24.4 |      34 |      14 |  29.2
       D:13 |    9252 |    4258 |  31.5 |      49 |       5 |   9.3
       D:14 |    8091 |    6711 |  45.3 |      25 |       9 |  26.5
       D:15 |   13031 |    2768 |  17.5 |      36 |       6 |  14.3
     Lair:1 |    5964 |     956 |  13.8 |      27 |       1 |   3.6
     Lair:2 |    8473 |       0 |   0.0 |      34 |       0 |   0.0
     Lair:3 |    6523 |       0 |   0.0 |      19 |       0 |   0.0
     Lair:4 |    9904 |    1499 |  13.1 |      26 |       6 |  18.8
     Lair:5 |    7021 |       0 |   0.0 |      24 |       0 |   0.0
     Lair:6 |    9072 |    7432 |  45.0 |      27 |      25 |  48.1
    Swamp:1 |   16203 |       0 |   0.0 |      38 |       0 |   0.0
    Swamp:2 |    8076 |       0 |   0.0 |      22 |       0 |   0.0
    Swamp:3 |    5116 |    3518 |  40.7 |      15 |       2 |  11.8
    Swamp:4 |    6349 |   15904 |  71.5 |      29 |      31 |  51.7
   Spider:1 |   11252 |    2007 |  15.1 |      38 |       1 |   2.6
   Spider:2 |   10673 |       0 |   0.0 |      38 |       0 |   0.0
   Spider:3 |   16217 |   11178 |  40.8 |      49 |      34 |  41.0
   Spider:4 |    7413 |   17818 |  70.6 |      32 |      40 |  55.6
      Orc:1 |    5674 |    5062 |  47.1 |      37 |      12 |  24.5
      Orc:2 |    1443 |    6182 |  81.1 |      25 |      16 |  39.0
      Elf:1 |   13278 |    6201 |  31.8 |      43 |      18 |  29.5
      Elf:2 |   13202 |   11605 |  46.8 |      40 |      27 |  40.3
      Elf:3 |   13727 |   24106 |  63.7 |      46 |      32 |  41.0
   Vaults:1 |   25425 |   14655 |  36.6 |      61 |      28 |  31.5
   Vaults:2 |   33074 |   25346 |  43.4 |      95 |      47 |  33.1
   Vaults:3 |   13010 |   20212 |  60.8 |      30 |      30 |  50.0
   Vaults:4 |   19278 |   17283 |  47.3 |      56 |      38 |  40.4
   Vaults:5 |   18303 |   73014 |  80.0 |      58 |      93 |  61.6
   Depths:1 |    8969 |   12324 |  57.9 |      18 |      14 |  43.8
   Depths:2 |   27418 |   24381 |  47.1 |      67 |      46 |  40.7
   Depths:3 |       0 |   31444 | 100.0 |       0 |      94 | 100.0
   Depths:4 |   20648 |   31158 |  60.1 |      50 |      29 |  36.7
   Depths:5 |   26303 |   20015 |  43.2 |      33 |      37 |  52.9
      Zot:1 |   24561 |       0 |   0.0 |      32 |       0 |   0.0
      Zot:2 |   38310 |    9797 |  20.4 |      46 |       3 |   6.1
      Zot:3 |   33946 |    2122 |   5.9 |      41 |       3 |   6.8
      Zot:4 |   24412 |       0 |   0.0 |      25 |       0 |   0.0
      Zot:5 |    6679 |       0 |   0.0 |       7 |       0 |   0.0
    Abyss:5 |     778 |       0 |   0.0 |       5 |       0 |   0.0
    Volcano |       0 |    2482 | 100.0 |       0 |       7 | 100.0
     WizLab |    8228 |    3353 |  29.0 |      30 |       5 |  14.3
            +---------+---------+-------+---------+---------+-------

Levels and vault maps discovered:
D:1:      arrival_aquarium_a, layout_rooms, serial_rivers,
          chequers_serial_rivers_small_3, chequers_serial_rivers_micro_c,
          chequers_serial_rivers_large_a, chequers_serial_rivers_room_b,
          chequers_serial_rivers_marsh
D:2:      layout_basic, old_standard_altar, first_ration
D:3:      layout_rooms, eat_drink_and_be_merry_uskayaw,
          nicolae_ru_path_of_blood, biasface_ghost_orc_armoury
D:4:      layout_cave_pools, grunt_temple_overflow_open, uniq_edmund
D:5:      layout_loops_ring, nicolae_overflow_quartered_altars,
          minmay_temple_entry_junction_2
D:6:      layout_basic, vehumet_crystals, serial_shops, shop, uniq_eustachio
D:7:      minmay_the_grid_plus_closed [minmay_the_grid_tri_star,
          minmay_the_grid_pillar_ring, minmay_the_grid_broken_lines,
          minmay_the_grid_square_x, minmay_the_grid_prize_trominoes],
          layout_basic, nicolae_overflow_crystal_walls, serial_shops, shop,
          the_bakery, chequers_big_river, minmay_joined_circles
D:8:      layout_cave_pools, okawaru_ov_weapons_minmay
D:9:      layout_layer_cave
D:10:     layout_long_grid
D:11:     layout_rooms, david_lair_shrubbed
D:12:     layout_loops_ring, erik_orc_3, minmay_misc_feat_pillars
D:13:     layout_loops_cross
D:14:     layout_loops_ring, serial_shops, nicolae_shop_overgrown_old_shop,
          shop, basic_altar, roderic_st_hans_cross, nrook_pool_corridor,
          wad_floor_pattern_1, minmay_diamond_spiral, uniq_josephine
D:15:     hangedman_depths_entry_civil_slaughter, layout_loops_ring,
          dk_noncrumbling_4
Temple:   dpeg_chambers_temple
Lair:1:   layout_regular_city, uniq_fannar
Lair:2:   layout_chaotic_city, chequers_serial_rivers_small_3
Lair:3:   layout_big_grid, swamp_mist, minivault_27, minivault_11
Lair:4:   layout_loops_ring, nicolae_spider_entry_tight_spaces, serial_rivers,
          chequers_serial_rivers_room_b, chequers_serial_rivers_micro_e,
          chequers_serial_rivers_small_b, chequers_serial_rivers_marsh,
          chequers_serial_rivers_large_b, chequers_serial_rivers_micro_c,
          patterned_corridor
Lair:5:   layout_cave_shapes, enter_volcano_2, minivault_26
Lair:6:   cheibrodos_lair_end_hotspot, layout_long_grid, slime_altar_1
Swamp:1:  layout_basic_swamp, evilmike_swamp_ruin_house_4
Swamp:2:  layout_basic_swamp, evilmike_swamp_ruin_wall
Swamp:3:  layout_basic_swamp, evilmike_swamp_ruin_house_2, swamp_pool3,
          infiniplex_staircase_pool, uniq_jorgrun
Swamp:4:  swamp, layout_basic_swamp
Spider:1: layout_spider_delve, uniq_roxanne
Spider:2: layout_spider_delve
Spider:3: layout_spider_delve, nicolae_arachne_temple
Spider:4: grunt_spider_rune_circles
Orc:1:    layout_caves, trog_book
Orc:2:    grunt_orc_gardens, layout_diamond_mine, grunt_orc_garden,
          grunt_orc_garden, grunt_orc_garden, grunt_orc_garden, uniq_snorg,
          uniq_erolcha
Elf:1:    minmay_elf_arrival_summoners, layout_onion_city, minivault_28,
          hangedman_elf_simple_split, minmay_shop_grove
Elf:2:    layout_loops_corners, portal_desolation_entry_garden
Elf:3:    grunt_elf_hall_asides, layout_loops_corners
Vaults:1: nicolae_vaults_network_quinsquares
          [nicolae_vaults_network_quincunx_subvault,
          nicolae_vaults_network_quincunx_subvault,
          nicolae_vaults_network_quincunx_subvault,
          nicolae_vaults_network_quincunx_subvault], v_misc_23, serial_ice_b,
          nicolae_vaults_big_angled_halls, nicolae_vaults_asterisk,
          vaults_room_semicircle, v_misc_8, v_misc_33, ontoclasm_vaults_shout,
          nicolae_vaults_alarming, hangedman_vaults_maws,
          nicolae_vaults_angled_halls, vaults_room_corners,
          nicolae_vaults_mini_display_case, layout_vaults_ring, serial_shops,
          shop, shop, shop, nicolae_shop_trees, shop
Vaults:2: ebering_vaults_ghost_xom, vaults_mumra_bighexcomb, v_misc_26,
          minmay_crypt_entry_necro_gods, vaults_dpeg_doors,
          nicolae_vaults_border_crossing, v_pattern_4, v_misc_16,
          nicolae_vaults_little_squares_3, layout_vaults_chaotic_city,
          uniq_frederick, uniq_saint_roka
Vaults:3: hangedman_vaults_slice, v_alt_pattern_5, vaults_mumra_hexcomb,
          v_misc_22, v_misc_18, ontoclasm_vaults_idyll,
          hangedman_vaults_stretched_pinwheel, vaults_room_hangedman_quadrants,
          hangedman_vaults_locks, vaults_room_semicircle, v_misc_2,
          v_alt_pattern_1, layout_vaults_omnicross, serial_shops,
          nicolae_shop_stone, uniq_mara, uniq_donald
Vaults:4: hangedman_vaults_hat, v_misc_4, v_misc_9, vaults_standard_mumra_lines,
          hangedman_vaults_cutoff, ontoclasm_vaults_spin, vaults_dpeg_diagonal,
          nicolae_vaults_theta, layout_vaults_omnigrid, mu_enter_wizlab_6
Vaults:5
Depths:1: layout_roguey, enter_ziggurat_e, pan_entry, serial_shops, shop,
          hellmouth_1, hangedman_abyss_or_decor_stagger,
          muffindrake_ghost_three_little_ghosts, moated_statue, uniq_nikola
Depths:2: cheibrodos_salmonella, layout_gridlike, ashenzari_altar_1,
          grunt_hell_entry_dis_grunt, grunt_ministairs_1,
          infiniplex_staircase_river
Depths:3: lemuel_river_lethe, pan_entry, hell_entry
Depths:4: cheibrodos_leafed_vault, layout_gridlike,
          nicolae_abyss_entry_one_way_or_another, pf_dread_powers_of_hell,
          minmay_staircase_statues_hall_small, uniq_sojobo, uniq_boris
Depths:5: lemuel_castle_with_subvaults [lemuel_castle_interior_carwin_1],
          layout_basic, nicolae_benzene_ring, pan_entry, hell_entry,
          serial_shops, bzr_entry_customers
Zot:1:    layout_gridlike
Zot:2:    layout_gridlike, lemuel_baited_zot_trap, lemuel_lake_of_fire
Zot:3:    layout_onion, st_stairs_8, grunt_ministairs_15
Zot:4:    layout_gridlike
Zot:5:    layout_cathedral_of_symmetry

Table legend:
 A = Turns spent in this place as a percentage of turns spent in the entire game.
 B = Non-inter-level travel turns spent in this place as a percentage of non-inter-level travel turns spent in the entire game.
 C = Inter-level travel turns spent in this place as a percentage of turns spent in this place.
 D = Turns resting spent in this place as a percentage of non-inter-level travel turns spent in this place.
 E = Turns spent auto-exploring this place as a percentage of non-inter-level travel turns spent in this place.
 F = Non-inter-level travel turns spent in this place divided by the number of levels of this place that you've seen.
                   A       B       C       D       E      F
               +-------+-------+-------+-------+-------+----------------------
         Total | 100.0 | 100.0 |   8.6 |  40.4 |  41.4 | 1845.1
       Dungeon |  24.0 |  23.6 |  10.0 |  38.0 |  47.3 | 1567.8
        Temple |   0.2 |   0.2 |  10.3 |   0.0 |  98.4 | 192.0
          Lair |  10.8 |  10.6 |  10.4 |  39.1 |  48.9 | 1755.7
         Swamp |   7.1 |   7.5 |   3.6 |  58.2 |  30.1 | 1866.0
   Spider Nest |   6.7 |   7.0 |   4.2 |  41.8 |  40.0 | 1747.8
  Orcish Mines |   3.9 |   4.0 |   7.5 |  56.6 |  26.0 | 1972.5
   Elven Halls |   5.9 |   6.1 |   5.7 |  28.9 |  47.0 | 2037.0
        Vaults |  15.2 |  15.0 |  10.2 |  38.0 |  36.9 | 2981.6
        Depths |  17.7 |  17.2 |  11.2 |  38.2 |  42.6 | 3433.6
           Zot |   6.8 |   7.0 |   5.8 |  40.4 |  40.2 | 1402.6
         Abyss |   0.1 |   0.1 |   0.0 |   0.0 |   0.0 |  91.0
        Bazaar |   0.2 |   0.3 |   0.0 |  30.1 |  25.4 | 272.0
       Volcano |   0.5 |   0.5 |   0.0 |  51.5 |  22.3 | 497.0
        Wizlab |   0.9 |   0.9 |   0.0 |  55.9 |   6.8 | 930.0
               +-------+-------+-------+-------+-------+----------------------

Table legend:
 A = Kills in this place as a percentage of kills in entire the game.
 B = Kills by you in this place as a percentage of kills by you in the entire game.
 C = Kills by friends in this place as a percentage of kills by friends in the entire game.
 D = Other kills in this place as a percentage of other kills in the entire game.
 E = Experience gained in this place as a percentage of experience gained in the entire game.
 F = Experience gained in this place divided by the number of levels of this place that you have seen.
                   A       B       C       D       E      F
               +-------+-------+-------+-------+-------+----------------------
         Total | 100.0 | 100.0 | 100.0 | 100.0 | 100.0 | 18057.9
       Dungeon |  19.1 |  40.4 |   1.0 |  14.3 |   7.1 | 4610.0
          Lair |   7.7 |  16.8 |   0.0 |   0.0 |   5.8 | 9474.0
         Swamp |   5.6 |   9.0 |   2.7 |   0.0 |   5.7 | 13791.5
   Spider Nest |   9.5 |   9.6 |   9.4 |   0.0 |   7.9 | 19139.5
  Orcish Mines |   3.7 |   7.9 |   0.1 |   0.0 |   1.9 | 9180.5
   Elven Halls |   8.4 |   1.2 |  14.6 |   0.0 |   8.4 | 27373.0
        Vaults |  21.9 |   9.3 |  32.6 |  14.3 |  26.6 | 51920.0
        Depths |  15.8 |   3.4 |  26.3 |  42.9 |  20.8 | 40532.0
           Zot |   6.4 |   0.8 |  11.1 |  28.6 |  14.3 | 27965.4
         Abyss |   0.2 |   0.1 |   0.3 |   0.0 |   0.1 | 778.0
       Volcano |   0.3 |   0.6 |   0.0 |   0.0 |   0.3 | 2482.0
        Wizlab |   1.4 |   0.9 |   1.9 |   0.0 |   1.2 | 11581.0
               +-------+-------+-------+-------+-------+----------------------
